AoeStats
← NuMa | Gacha

Arabia

508690491Analyzed
2v2 RM · 10d ago on Sep 23, 2026· 27m 28s· 4 players
Game mode
Random Map
Map size
Medium (4 player)
Population
200
Speed
Normal
Resources
Standard
Victory
Conquest
Starting age
Dark Age
Ending age
Imperial Age
RankedLock teamsTeams togetherTeam positionsShared explorationLock speedFull tech treeHidden civsTurbo modeCheats
Victory
Defeat
🇨🇴 Italians · Colombia
1107
+11
🇨🇴 Lithuanians · Colombia
936
+19
🇫🇮 Byzantines · Finland
999
-39
🇫🇮 Shu · Finland
996
-39
fitzy
6:44 Loom
7:50 Loom
10:17 Feudal Age
16:02 Scale Barding Armor
23:32 Castle Age
22:19 Forging
24:50 Husbandry
24:47 Double-Bit Axe
24:46 Horse Collar
joona
6:20 Loom
10:09 Feudal Age
11:49 Wheelbarrow
13:21 Double-Bit Axe
16:51 Horse Collar
17:31 Fletching
18:11 Padded Archer Armor
18:06 Gold Mining
23:46 Castle Age
23:58 Crossbowman
24:44 Thumb Ring
24:58 Hand Cart
24:55 Bow Saw
NuMa | Gacha
7:38 Loom
9:51 Feudal Age
10:26 Double-Bit Axe
22:52 Castle Age
21:24 Gold Mining
23:05 Bloodlines
25:28 Town Watch
25:50 Fletching
26:08 Scale Barding Armor
26:22 Fletching
27:09 Forging
winter991
7:11 Loom
9:44 Feudal Age
22:21 Castle Age
22:13 Bloodlines
Connection lost

Rejoining the realm…

Still unreachable

The connection could not be restored.

Session expired

The server has moved on; the page needs a fresh start.